Map: Catalyst LE

Players

axu

  • Race: Protoss Protoss
  • League: Platinum
  • Spawn Location: 11:00

VOD

Have the link to the VOD?

Description

Time

  • Played on: April 18, 2018, 11:20 a.m.
  • Length: 29:43
Show
View Real Time Build Order
Export as new Build Order

axu Protoss 

Build Orders:  

Get SALT Encoding   

  12  0:03  Probe (Chrono Boost)  
  14  0:20  Probe (Chrono Boost)  
  14  0:25  Pylon  
  14  0:37  Probe (Chrono Boost)  
  15  0:54  Probe (Chrono Boost)  
  16  1:00  Gateway  
  17  1:11  Probe (Chrono Boost)  
  17  1:25  Assimilator  
  17  1:27  Assimilator  
  17  1:28  Probe (Chrono Boost)  
  18  1:44  Probe (Chrono Boost)  
  19  1:50  Gateway  
  19  1:55  Probe (Chrono Boost)  
  20  2:08  Probe (Chrono Boost)  
  20  2:16  Cybernetics Core  
  21  2:24  Pylon  
  21  2:29  Probe (Chrono Boost)  
  22  2:46  Probe (Chrono Boost)  
  23  3:09  Probe (Chrono Boost)  
  28  3:30  Pylon  
  28  3:35  Probe (Chrono Boost)  
  29  3:46  Unknown x2  
  30  3:50  Unknown x2  
  30  3:52  Probe (Chrono Boost)  
  30  3:57  Stalker x2  
  34  4:09  Probe (Chrono Boost)  
  35  4:16  Unknown x2  
  35  4:25  Probe (Chrono Boost)  
  35  4:27  Nexus  
  36  4:39  Unknown x2  
  36  4:46  Stalker  
  38  5:07  Warp Gate, Unknown x2  
  38  5:15  Stalker  
  38  5:29  Gateway  
  38  5:32  Gateway  
  38  5:46  Pylon  
  38  5:51  Pylon  
  38  6:07  Stalker x2  
  42  6:12  Probe (Chrono Boost)  
  43  6:26  Probe (Chrono Boost)  
  43  6:29  Probe (Chrono Boost)  
  45  6:35  Robotics Facility  
  45  6:40  Twilight Council  
  45  6:43  Probe (Chrono Boost)  
  45  6:46  Probe (Chrono Boost)  
  47  6:58  Stalker  
  50  7:00  Probe (Chrono Boost)  
  50  7:03  Probe (Chrono Boost)  
  51  7:18  Stalker, Pylon  
  51  7:19  Stalker  
  55  7:23  Probe (Chrono Boost)  
  55  7:24  Probe (Chrono Boost)  
  57  7:37  Assimilator  
  58  7:40  Probe (Chrono Boost)  
  58  7:41  Assimilator  
  58  7:52  Stalker  
  58  7:53  Stalker x2  
  64  8:04  Probe x2 (Chrono Boost)  
  64  8:06  Pylon  
  66  8:20  Stalker  
  68  8:31  Stalker  
  68  8:32  Stalker x2  
  72  9:17  Stalker x3  
  72  9:18  Stalker  
  80  9:22  Immortal  
  84  9:45  Forge  
  84  9:47  Forge  
  84  9:52  Gateway  
  84  9:55  Gateway  
  84  10:29  Protoss Ground Weapons Level 1  
  84  10:30  Protoss Ground Armor Level 1  
  84  11:10  Nexus  
  84  11:12  Pylon  
  84  11:17  Stalker, Pylon  
  84  11:19  Assimilator  
  86  11:25  Assimilator  
  86  11:33  Pylon  
  86  11:35  Pylon  
  86  11:37  Immortal  
  86  11:38  Pylon  
  90  11:40  Pylon  
  90  11:56  Stalker x2  
  90  11:57  Stalker x2  
  90  11:58  Stalker x2  
  102  12:07  Unknown  
  100  12:42  Protoss Shields Level 1  
  100  12:47  Probe x2 (Chrono Boost)  
  102  12:59  Protoss Ground Weapons Level 2  
  102  13:02  Templar Archives  
  102  13:05  Dark Shrine  
  102  13:23  Robotics Bay  
  102  13:52  Psionic Storm  
  102  14:03  Probe x3 (Chrono Boost)  
  108  14:20  Probe x3 (Chrono Boost)  
  108  14:33  Stargate  
  108  14:40  Nexus  
  108  14:43  Assimilator  
  108  14:44  Gateway  
  108  14:47  Blink  
  108  14:48  Gateway  
  108  14:49  Assimilator  
  108  14:51  Pylon  
  108  14:55  Shield Battery, Pylon  
  108  14:58  Pylon  
  108  14:59  Probe (Chrono Boost)  
  109  15:00  Pylon  
  109  15:06  Probe (Chrono Boost)  
  109  15:07  Pylon  
  111  15:11  Probe (Chrono Boost)  
  111  15:16  Probe (Chrono Boost)  
  111  15:18  Probe (Chrono Boost)  
  112  15:28  Probe (Chrono Boost)  
  114  15:38  High Templar x2  
  114  15:39  High Templar x4  
  126  15:54  Protoss Ground Weapons Level 3  
  126  15:55  Protoss Ground Armor Level 2  
  126  15:57  Archon  
  126  15:58  Archon x2  
  126  16:12  Fleet Beacon  
  126  16:15  Cybernetics Core  
  126  16:16  Probe x2 (Chrono Boost)  
  126  16:17  Probe (Chrono Boost)  
  129  16:30  Observer  
  130  16:54  Probe x4 (Chrono Boost)  
  130  16:55  Observer  
  130  16:56  Gravitic Boosters  
  139  17:11  Probe x4 (Chrono Boost)  
  139  17:25  Observer  
  140  17:57  Stargate  
  140  17:58  Stargate  
  140  18:01  Stargate  
  140  18:04  Pylon  
  140  18:05  Gravitic Drive  
  140  18:09  Pylon  
  140  18:13  Pylon  
  140  18:14  Pylon  
  140  18:19  Pylon  
  140  18:43  Warp Prism  
  142  19:03  Robotics Facility  
  142  19:09  Pylon  
  142  19:13  Pylon  
  142  19:23  Charge  
  145  19:32  Probe x4 (Chrono Boost)  
  146  19:48  Tempest  
  146  19:49  Tempest x2  
  164  19:50  Tempest  
  164  19:53  Graviton Catapult  
  170  20:24  Photon Cannon  
  170  20:25  Photon Cannon  
  170  20:28  Photon Cannon  
  170  20:32  Photon Cannon  
  170  20:34  Photon Cannon  
  170  20:36  Shield Battery  
  170  20:37  Shield Battery  
  170  20:42  Shield Battery  
  170  20:46  Shield Battery  
  170  20:48  Phoenix  
  170  20:49  Phoenix x2  
  176  20:50  Phoenix  
  178  21:24  Protoss Shields Level 2, Protoss Ground Armor Level 3  
  178  21:40  Unknown  
  178  22:02  Shield Battery  
  178  22:06  Shield Battery  
  178  22:10  Shield Battery  
  178  22:12  Photon Cannon  
  178  22:13  Photon Cannon  
  178  22:16  Photon Cannon  
  178  22:19  Photon Cannon  
  178  22:21  Photon Cannon  
  178  22:25  Photon Cannon  
  178  22:28  Photon Cannon  
  178  22:35  Protoss Air Weapons Level 1, Nexus  
  178  22:36  Protoss Air Armor Level 1  
  178  22:37  Pylon  
  178  22:43  Pylon  
  178  23:27  Nexus  
  178  23:30  Pylon  
  178  23:33  Pylon  
  178  23:36  Pylon  
  178  23:44  Assimilator  
  178  23:50  Assimilator  
  178  23:58  Shield Battery  
  178  24:00  Shield Battery  
  178  24:05  Shield Battery  
  178  24:11  Shield Battery  
  178  24:12  Photon Cannon  
  178  24:15  Photon Cannon  
  178  24:17  Photon Cannon  
  178  24:21  Photon Cannon  
  178  24:24  Photon Cannon  
  178  24:29  Photon Cannon  
Tags
 
League
Platinum
Matchup
Co-op
Add a new tag
Caveats
  • Supply blocks, unpowered buildings, or Contaminate may cause inaccurate times.
  • Supply counts are checked every 10 seconds.